cohdb
Replays
Latest Replays
All Replays
Popular Replays
Top Player Replays
Match Explorer
How It Works
Community
CoH3 Stats
Reddit
Sign in to upload your games and track your stats! →
Sign in with Steam
Match 43535239
Unlisted
Match 43535239
Overview
Messages
Build Orders
End
Vickers Machine Gun Team
Construct Section Command Post
Infantry Section
Infantry Section
Infantry Section
Grenade Package
Selects Canadian Shock Battlegroup
Selects Canadian Shock Battlegroup
Construct Platoon Command Post
Selects Incendiary Munitions
Royal Engineer Section
Construct Field Infirmary
Selects Attacking Spirit
Selects Canadian Shock Section
Canadian Shock Section
Unlock M3 Stuart Light Tanks
Selects Pyrotechnics
M3 Stuart Light Tank
M3 Stuart Light Tank
Selects Point Assault
Construct Company Command Post
Unlock M3 Grant Medium Tanks
M3 Grant Medium Tank
Foot Guards Section
M3 Grant Medium Tank
Selects Churchill Crocodile Heavy Tank
Armored Vehicle Training
Infantry Training
CAPARRUDO [PT]
MasterPain
Blood
[4BD] YtKaZlo
Joraad
The General
fuel
OttomanPower
0
0
Comments
sign in to comment!
No comments posted yet!